 Dungeon Sprint DCSS version 0.17-a0-1651-gae1a69f (webtiles) character file.

10248 Kidiri the Unseen (level 11, -4/47 HPs)
             Began as a Spriggan Enchanter on Aug 14, 2015.
             Was the Champion of Dithmenos.
             Slain by the 27-headed Lernaean hydra (14 damage)
             ... in the Dungeon (Sprint III: "The Ten Rune Challenge").
             The game lasted 00:09:36 (2729 turns).

Kidiri the Unseen (Spriggan Enchanter)              Turns: 2729, Time: 00:09:36

Health: -4/47      AC:  3    Str:  4    XL:     11   Next: 33%
Magic:  22/29      EV: 32    Int: 19    God:    Dithmenos [******]
Gold:   25         SH:  0    Dex: 18    Spells: 9 memorised, 2 levels left

rFire  . . .     SeeInvis +     a - +1 dagger
rCold  . . .     Clarity  +     b - +1 robe
rNeg   . . .     SustAt   .     (shield restricted)
rPois  .         Gourm    .     (helmet restricted)
rElec  .         Spirit   .     (no cloak)
rCorr  .         Warding  .     (gloves unavailable)
rMut   .         NoTele   +     (boots unavailable)
MR     +....                    (no amulet)
Stlth  ++++++++..               (no ring)
                                (no ring)

@: wreathed by umbra, very quick, somewhat resistant to hostile enchantments,
extraordinarily stealthy
A: unfitting armour, see invisible, clarity, herbivore 3, speed 3, mutation
resistance 1, slow metabolism 2
a: Shadow Step, Shadow Form, Renounce Religion


You were in the Dungeon.
You worshipped Dithmenos.
Dithmenos was exalted by your worship.
You were full.

You visited 1 branch You collected 25 gold pieces.

Inventory:

Hand weapons
 a - a +1 dagger (weapon)
Armour
 b - a +1 robe (worn)
Scrolls
 j - a scroll of blinking
 l - a scroll of holy word
 n - a scroll of fear {unknown}
 q - 2 scrolls of immolation {unknown}
Potions
 f - a potion of heal wounds
 g - a potion of haste
 h - 2 potions of magic
 i - a potion of berserk rage
 m - a potion of curing
 p - 4 potions of flight
 r - 2 potions of cure mutation
 s - a potion of might
Books
 e - a book of Enchantments

   Spells                             Type                      Level
   a - Cause Fear                     Hexes                        4
   b - Silence                        Hexes/Air                    5
   c - Deflect Missiles               Charms/Air                   6
   d - Haste                          Charms                       6
   e - Discord                        Hexes                        8
 k - a Necronomicon

   Spells                             Type                      Level
   a - Haunt                          Necromancy/Summoning         7
   b - Borgnjor's Revivification      Necromancy                   8
   c - Death's Door                   Charms/Necromancy            8
   d - Necromutation                  Transmutation/Necromancy     8
Comestibles
 c - 25 royal jellies
 o - 2 fruits


   Skills:
 + Level 9.1 Short Blades
 * Level 16.3 Dodging
 * Level 17.5 Stealth
 * Level 13.9 Spellcasting
 + Level 5.9 Conjurations
 + Level 10.7 Hexes
 + Level 8.7 Charms
 + Level 1.5 Summonings
 + Level 1.8 Necromancy
 + Level 6.4 Ice Magic
 + Level 5.3 Air Magic
 + Level 7.2 Invocations


You had 2 spell levels left.
You knew the following spells:

 Your Spells              Type           Power        Failure   Level  Hunger
a - Corona                Hex            ######.      1%          1    None
b - Ensorcelled Hibernat  Hex/Ice        #####.       1%          2    None
c - Confuse               Hex            ######..     1%          3    None
d - Tukima's Dance        Hex            ######..     1%          3    None
e - Dazzling Spray        Conj/Hex       #####...     1%          3    None
f - Cause Fear            Hex            ######....   1%          4    None
g - Deflect Missiles      Chrm/Air       #####.....   41%         6    #####..
h - Haste                 Chrm           #####...     24%         6    #####..
i - Haunt                 Necr/Summ      ###.......   100%        7    #######


Dungeon Overview and Level Annotations

Branches:
Dungeon (1/1)

Altars:
Cheibriados
Dithmenos
Elyvilon
Fedhas
Gozag
Kikubaaqudgha
Makhleb
Nemelex Xobeh
Okawaru
Qazlal
Ru
Sif Muna
Trog
Vehumet
Xom
Yredelemnul
Zin
The Shining One
Jiyva
Lugonu

Shops:
D :(!

Annotations:
D Lernaean hydra


Innate Abilities, Weirdness & Mutations

You are tiny and cannot use many weapons and most armour.
You have supernaturally acute eyesight.
You are a herbivore.
You cover ground extremely quickly.
You need consume almost no food.
You possess an exceptional clarity of mind.
You are somewhat resistant to further mutation.


Message History

Aim: the 27-headed Lernaean hydra (resting, umbra)
You step into the 27-headed Lernaean hydra's shadow.
Your unstable footing causes you to fumble your attack.
The helpless 27-headed Lernaean hydra fails to defend itself.
You perforate the 27-headed Lernaean hydra like a sieve!!!!!
The 27-headed Lernaean hydra is almost dead.
The 27-headed Lernaean hydra barely misses you.
The 27-headed Lernaean hydra completely misses you.
The 27-headed Lernaean hydra bites you.
The 27-headed Lernaean hydra completely misses you.
The 27-headed Lernaean hydra bites you. The 27-headed Lernaean hydra bites you!
You emit a cloud of dark smoke.
The 27-headed Lernaean hydra completely misses you.
The 27-headed Lernaean hydra bites you.
The 27-headed Lernaean hydra misses you.
The 27-headed Lernaean hydra closely misses you.
The 27-headed Lernaean hydra bites you!
* * * LOW HITPOINT WARNING * * *
You emit a cloud of dark smoke.
The 27-headed Lernaean hydra bites you!
You die...

♣♣.##.#####...#
♣.....##%.....#
########'######
#.♣♣ #♣.♣ ♣.♣♣
###### ♣♣≈♣
#§D§φ# ♣.♣♣
#D§§D# ♣.♣♣
#§§@§#
♣..♣♣#.§§##
♣♣.♣♣.####♣♣
♣♣.♣♣.≈...♣
♣♣..♣♣♣♣♣♣.♣
♣.P..[P.§≈.♣
♣..≈P.≈§≈.P♣
♣%♣.≈≈§§.≈≈♣
♣♣♣♣♣♣♣♣∩∩∩♣


You could see the 27-headed Lernaean hydra, a six-headed hydra (sleeping) and a
swamp dragon (sleeping).

Vanquished Creatures
  Maud (D)
  Snorg (D)
  2 hydras (D)
  A centaur warrior (D)
  An unseen horror (D)
  A lindwurm (D)
  A death drake (D)
  A swamp dragon (D)
  A komodo dragon (D)
  2 spiny frogs (D)
  A deep elf priest (D)
  A queen bee (D)
  3 wandering mushrooms (D)
  3 redbacks (D)
  A shadow (D)
  A spatial vortex (D)
  A necrophage (D)
  2 swamp drakes (D)
  2 centaurs (D)
  An earth elemental (D)
  2 brain worms (D)
  A water elemental (D)
  32 killer bees (D)
  An electric eel (D)
  A wizard (D)
  A jelly (D)
  Jessica (D)
  A necromancer (D)
  A wolf (D)
  3 humans (D)
  A kobold demonologist (D)
  An ooze (D)
  A rat (D)
  A plant (D)
76 creatures vanquished.

Vanquished Creatures (others)
  2 draconian scorchers (D)
  2 yaktaurs (D)
4 creatures vanquished.

Grand Total: 80 creatures vanquished

Notes
Turn   | Place    | Note
--------------------------------------------------------------
     0 | D        | Kidiri the Spriggan Enchanter began the quest for the Orb.
     0 | D        | Reached XP level 1. HP: 9/9 MP: 5/5
    10 | D        | Reached skill level 5 in Stealth
   117 | D        | Killed a yaktaur
   119 | D        | Killed a yaktaur
   162 | D        | Noticed Jessica
   165 | D        | Killed Jessica
   165 | D        | Reached skill level 5 in Dodging
   165 | D        | Reached skill level 6 in Stealth
   165 | D        | Reached XP level 2. HP: 13/13 MP: 5/8
   165 | D        | Reached XP level 3. HP: 16/16 MP: 6/10
   169 | D        | Learned a level 2 spell: Ensorcelled Hibernation
   173 | D        | Learned a level 3 spell: Confuse
   177 | D        | Learned a level 3 spell: Tukima's Dance
   177 | D        | Killed a white draconian scorcher
   248 | D        | Noticed a wolf
   255 | D        | Killed a wolf
   255 | D        | Reached skill level 7 in Stealth
   273 | D        | Reached skill level 5 in Spellcasting
   273 | D        | Reached skill level 1 in Ice Magic
   273 | D        | Reached XP level 4. HP: 21/21 MP: 0/12
   279 | D        | Learned a level 3 spell: Dazzling Spray
   302 | D        | Gained mutation: You are somewhat resistant to further mutation. [potion of mutation]
   302 | D        | Gained mutation: You possess an exceptional clarity of mind. [potion of mutation]
   399 | D        | Killed a white draconian scorcher
   443 | D        | Noticed a water elemental
   487 | D        | Killed a water elemental
   487 | D        | Reached skill level 8 in Stealth
   487 | D        | Reached skill level 1 in Conjurations
   487 | D        | Reached skill level 5 in Hexes
   708 | D        | Found a glowing silver altar of Zin.
   718 | D        | Noticed a jelly
   719 | D        | Noticed a shadow
   721 | D        | Killed a shadow
   721 | D        | Reached skill level 9 in Dodging
   721 | D        | Reached skill level 10 in Stealth
   721 | D        | Reached XP level 5. HP: 24/24 MP: 13/15
   721 | D        | Reached XP level 6. HP: 28/28 MP: 14/17
   725 | D        | Killed a jelly
   730 | D        | Found a stormy altar of Qazlal.
   731 | D        | Found a sacrificial altar of Ru.
   731 | D        | Found a burning altar of Makhleb.
   731 | D        | Found a viscous altar of Jiyva.
   731 | D        | Found a shimmering altar of Xom.
   731 | D        | Found a shadowy altar of Dithmenos.
   731 | D        | Found a sparkling altar of Nemelex Xobeh.
   731 | D        | Found a corrupted altar of Lugonu.
   731 | D        | Found an opulent altar of Gozag.
   731 | D        | Noticed a spatial vortex
   735 | D        | Became a worshipper of Dithmenos the Shadowed
   759 | D        | Killed a spatial vortex
   759 | D        | Reached skill level 5 in Short Blades
   759 | D        | Reached skill level 11 in Stealth
   759 | D        | Reached skill level 1 in Invocations
   933 | D        | Found a radiant altar of Vehumet.
   934 | D        | Found a deep blue altar of Sif Muna.
   934 | D        | Found an ancient bone altar of Kikubaaqudgha.
   934 | D        | Noticed a wizard
   935 | D        | Killed a wizard
   935 | D        | Reached skill level 10 in Dodging
   947 | D        | Learned a level 4 spell: Cause Fear
   957 | D        | Noticed a deep elf priest
   957 | D        | Found a glowing golden altar of the Shining One.
   957 | D        | Found a white marble altar of Elyvilon.
   965 | D        | Killed a deep elf priest
   965 | D        | Reached XP level 7. HP: 32/32 MP: 8/20
  1039 | D        | Found an iron altar of Okawaru.
  1040 | D        | Found a bloodstained altar of Trog.
  1040 | D        | Noticed a human
  1040 | D        | Noticed a human
  1051 | D        | Killed a human
  1051 | D        | Reached skill level 12 in Stealth
  1059 | D        | Killed a human
  1171 | D        | Found a snail-covered altar of Cheibriados.
  1171 | D        | Noticed a necrophage
  1172 | D        | Found a basalt altar of Yredelemnul.
  1172 | D        | Found a blossoming altar of Fedhas.
  1172 | D        | Noticed a necromancer
  1173 | D        | Killed a necrophage
  1173 | D        | Acquired Dithmenos's first power
  1178 | D        | Killed a necromancer
  1178 | D        | Reached XP level 8. HP: 33/36 MP: 14/22
  1189 | D        | Learned a level 6 spell: Deflect Missiles
  1235 | D        | Noticed Snorg
  1257 | D        | Killed Snorg
  1257 | D        | Reached skill level 13 in Stealth
  1257 | D        | Reached skill level 10 in Spellcasting
  1268 | D        | Learned a level 6 spell: Haste
  1398 | D        | Noticed an earth elemental
  1401 | D        | Killed an earth elemental
  1406 | D        | Noticed a centaur
  1406 | D        | Noticed a centaur warrior
  1406 | D        | Noticed a centaur
  1412 | D        | Killed a centaur
  1414 | D        | Killed a centaur warrior
  1414 | D        | Acquired Dithmenos's second power
  1414 | D        | Reached skill level 14 in Stealth
  1414 | D        | Reached XP level 9. HP: 21/39 MP: 12/25
  1421 | D        | Killed a centaur
  1706 | D        | Noticed an unseen horror
  1708 | D        | Killed an unseen horror
  1708 | D        | Reached skill level 5 in Charms
  1708 | D        | Reached skill level 5 in Ice Magic
  1708 | D        | Reached skill level 5 in Invocations
  1718 | D        | Noticed a killer bee
  1718 | D        | Noticed a killer bee
  1718 | D        | Noticed a killer bee
  1718 | D        | Noticed a killer bee
  1718 | D        | Noticed a killer bee
  1718 | D        | Noticed a killer bee
  1718 | D        | Noticed a killer bee
  1718 | D        | Noticed a killer bee
  1718 | D        | Noticed a killer bee
  1718 | D        | Noticed a killer bee
  1718 | D        | Noticed a killer bee
  1718 | D        | Noticed a killer bee
  1718 | D        | Noticed a killer bee
  1718 | D        | Noticed a killer bee
  1718 | D        | Noticed a killer bee
  1719 | D        | Noticed a killer bee
  1719 | D        | Noticed a killer bee
  1719 | D        | Noticed a killer bee
  1719 | D        | Noticed a killer bee
  1719 | D        | Noticed a killer bee
  1719 | D        | Noticed a queen bee
  1719 | D        | Noticed a killer bee
  1719 | D        | Noticed a killer bee
  1719 | D        | Noticed a killer bee
  1719 | D        | Noticed a killer bee
  1719 | D        | Noticed a killer bee
  1719 | D        | Noticed a killer bee
  1719 | D        | Noticed a killer bee
  1719 | D        | Noticed a killer bee
  1719 | D        | Noticed a killer bee
  1719 | D        | Noticed a killer bee
  1719 | D        | Noticed a killer bee
  1719 | D        | Noticed a killer bee
  1720 | D        | Killed a killer bee
  1721 | D        | Killed a killer bee
  1723 | D        | Killed a killer bee
  1723 | D        | Acquired Dithmenos's third power
  1724 | D        | Killed a killer bee
  1727 | D        | Killed a killer bee
  1730 | D        | Killed a killer bee
  1732 | D        | Killed a killer bee
  1737 | D        | Killed a killer bee
  1737 | D        | Acquired Dithmenos's fourth power
  1739 | D        | Killed a killer bee
  1741 | D        | Killed a killer bee
  1743 | D        | Killed a killer bee
  1745 | D        | Killed a killer bee
  1747 | D        | Killed a killer bee
  1747 | D        | Reached skill level 15 in Stealth
  1749 | D        | Killed a killer bee
  1751 | D        | Killed a killer bee
  1753 | D        | Killed a killer bee
  1773 | D        | Killed a killer bee
  1907 | D        | Killed a killer bee
  1909 | D        | Killed a killer bee
  1915 | D        | Killed a killer bee
  1917 | D        | Killed a killer bee
  1917 | D        | Reached XP level 10. HP: 44/44 MP: 17/27
  1919 | D        | Killed a killer bee
  1921 | D        | Killed a killer bee
  1923 | D        | Killed a killer bee
  1925 | D        | Killed a killer bee
  1927 | D        | Killed a killer bee
  1929 | D        | Killed a killer bee
  1933 | D        | Killed a killer bee
  1935 | D        | Killed a killer bee
  1943 | D        | Killed a killer bee
  2086 | D        | Killed a killer bee
  2088 | D        | Killed a killer bee
  2090 | D        | Killed a queen bee
  2090 | D        | Reached skill level 5 in Conjurations
  2202 | D        | Noticed a wandering mushroom
  2203 | D        | Noticed a wandering mushroom
  2203 | D        | Noticed a wandering mushroom
  2204 | D        | Killed a wandering mushroom
  2206 | D        | Killed a wandering mushroom
  2207 | D        | Killed a wandering mushroom
  2250 | D        | Noticed a spiny frog
  2250 | D        | Noticed a komodo dragon
  2250 | D        | Noticed a spiny frog
  2254 | D        | Killed a komodo dragon
  2254 | D        | Reached skill level 16 in Stealth
  2256 | D        | Killed a spiny frog
  2256 | D        | Reached skill level 15 in Dodging
  2259 | D        | Killed a spiny frog
  2264 | D        | Noticed a redback
  2266 | D        | Killed a redback
  2267 | D        | Noticed a brain worm
  2270 | D        | Killed a brain worm
  2275 | D        | Noticed a brain worm
  2277 | D        | Killed a brain worm
  2280 | D        | Noticed a lindwurm
  2282 | D        | Noticed a redback
  2283 | D        | Killed a lindwurm
  2283 | D        | Reached skill level 10 in Hexes
  2285 | D        | Killed a redback
  2290 | D        | Noticed a redback
  2291 | D        | Killed a redback
  2292 | D        | Noticed Maud
  2312 | D        | Killed Maud
  2312 | D        | Reached XP level 11. HP: 29/47 MP: 13/29
  2503 | D        | Learned a level 7 spell: Haunt
  2507 | D        | Noticed an electric eel
  2508 | D        | Noticed a seven-headed hydra
  2508 | D        | Noticed a five-headed hydra
  2509 | D        | Killed an electric eel
  2517 | D        | Killed a seven-headed hydra
  2517 | D        | Reached skill level 17 in Stealth
  2517 | D        | Reached skill level 5 in Air Magic
  2521 | D        | Killed a five-headed hydra
  2521 | D        | Reached skill level 1 in Summonings
  2521 | D        | Reached skill level 1 in Necromancy
  2611 | D        | Noticed a death drake
  2614 | D        | Killed a death drake
  2623 | D        | Noticed a swamp drake
  2625 | D        | Killed a swamp drake
  2695 | D        | Noticed a swamp drake
  2696 | D        | Noticed a swamp dragon
  2696 | D        | Found Avees's Book Emporium.
  2697 | D        | Killed a swamp drake
  2698 | D        | Found Vugan's Antique Weapon Shop.
  2698 | D        | Found Ziestuge's Distillery.
  2699 | D        | Killed a swamp dragon
  2726 | D        | Noticed a swamp dragon
  2726 | D        | Noticed a six-headed hydra
  2726 | D        | Noticed the 27-headed Lernaean hydra
  2729 | D        | Slain by the 27-headed Lernaean hydra

Vault maps used:
D:        dungeon_sprint_mu

Action                   |  1- 3 |  4- 6 |  7- 9 | 10-12 || total
-------------------------+-------+-------+-------+-------++-------
Melee: Dagger            |    19 |    27 |    69 |   126 ||   241
 Cast: Ensorcelled Hiber |     4 |     1 |    26 |    13 ||    44
       Confuse           |     1 |     1 |     4 |     1 ||     7
       Dazzling Spray    |       |     9 |    11 |    10 ||    30
       Tukima's Dance    |       |     2 |       |     2 ||     4
Invok: Shadow Step       |       |       |       |     6 ||     6
  Use: Potion            |       |     4 |       |       ||     4
       Scroll            |       |     2 |       |       ||     2
 Stab: Sleeping          |     2 |     4 |    26 |    27 ||    59
       Confused          |     2 |       |     4 |       ||     6
       Distracted        |       |     1 |       |     1 ||     2
       Invisible         |       |       |       |     1 ||     1
  Eat: Bread ration      |       |       |       |     1 ||     1
